 Dungeon Crawl Stone Soup version 0.21.1-1-g345015f (webtiles) character file.

112 HyperWeapon the Cutter (level 4, 0/49 HPs)
             Began as a Demonspawn Wanderer on June 18, 2018.
             Slain by matthes123's ghost (1 damage)
             ... on level 3 of the Dungeon on June 20, 2018.
             The game lasted 00:22:17 (2412 turns).

HyperWeapon the Cutter (Demonspawn Wanderer)        Turns: 2412, Time: 00:22:17

Health: 0/49       AC:  6    Str: 17    XL:     4   Next: 63%
Magic:  0/7        EV: 12    Int: 15    God:
Gold:   198        SH:  0    Dex: 12    Spells: 4/7 levels left

rFire    . . .     SeeInvis .   a - +2 short sword
rCold    . . .     Gourm    .   (no shield)
rNeg     . . .     Faith    .   n - +0 leather armour
rPois    .         Spirit   +   y - +0 helmet
rElec    .         Reflect  .   (no cloak)
rCorr    .         Harm     .   (no gloves)
MR       .....                  (no boots)
Stlth    ..........             p - amulet of rage
HPRegen  0.16/turn              h - ring of wizardry
MPRegen  0.10/turn              (no ring)

@: berserking (expiring), very quick
A: iridescent scales 1, magic shield
a: Evoke Berserk Rage


You were on level 3 of the Dungeon.
You were hungry.

You visited 1 branch of the dungeon, and saw 3 of its levels.

You collected 198 gold pieces.

Inventory:

Hand Weapons
 a - a +2 short sword (weapon)
 b - a +0 hunting sling
 t - a +1 short sword of draining
Missiles
 f - 5 needles of sleeping
 g - 98 stones (quivered)
 j - 18 sling bullets
Armour
 c - a +0 robe
 m - a +0 plate armour
 n - a +0 leather armour (worn)
 x - a +0 large shield
 y - a +0 helmet (worn)
Jewellery
 h - a ring of wizardry (left hand)
 p - an amulet of rage (around neck)
Scrolls
 e - a scroll of amnesia {unknown}
 i - a scroll of identify
 l - 2 scrolls of remove curse
 w - a scroll of noise {unknown}
Potions
 k - a potion of curing
 q - a potion of brilliance {unknown}
 r - a potion of heal wounds {unknown}
 s - 2 potions of resistance {unknown}
 u - a potion of agility
Books
 o - a book of Changes

   Spells                             Type                      Level
   a - Beastly Appendage              Transmutation                1
   b - Sticks to Snakes               Transmutation                2
   c - Spider Form                    Transmutation/Poison         3
   d - Ice Form                       Ice/Transmutation            4
   e - Blade Hands                    Transmutation                5
Comestibles
 d - 4 rations
 v - 2 chunks of flesh


   Skills:
 - Level 2.0 Fighting
 + Level 3.9 Short Blades
 - Level 0.2 Slings
 - Level 2.6 Dodging
 - Level 1.0 Stealth
 - Level 1.0 Shields
 - Level 2.0 Spellcasting
 + Level 1.5 Transmutations


You had 4 spell levels left.
You knew the following spells:

 Your Spells              Type           Power        Failure   Level  Hunger
a - Beastly Appendage     Tmut           #.....       6%          1    #......
b - Sticks to Snakes      Tmut           #.......     9%          2    ###....


Dungeon Overview and Level Annotations

Branches:
Dungeon (3/15)

Altars:

Annotations:
D:2 exclusion: downstairs
D:3 5 exclusions, matthes123's ghost, amateur MfGl


Innate Abilities, Weirdness & Mutations

You are partially covered in iridescent scales. (AC +2)
When hurt, damage is shared between your health and your magic reserves.


Message History

The orc priest shouts!
You hear a shout!
The orc priest mumbles some strange prayers to Beogh against you.
Beogh smites you!
* * * LOW HITPOINT WARNING * * *
As you read the scroll labeled JOOKACK SOEPT, it crumbles to dust.
You feel blessed for a moment.
It was a scroll of remove curse.
The orc shouts!
Matthes123's ghost screams, "Do you think the gods will protect you?"
Matthes123's ghost hits you but does no damage.
A red film seems to cover your vision as you go berserk!
You feel yourself moving faster!
You feel mighty!
You are feeling hungry.
Matthes123's ghost hits you but does no damage.
You closely miss matthes123's ghost.
You hit matthes123's ghost but do no damage.
Matthes123's ghost hits you!
* * * LOW HITPOINT WARNING * * *
You closely miss matthes123's ghost. Matthes123's ghost hits you.
You die...

....# ###.######### ....
............# .♣.. ....#######.##
.o. ...## #..# ♣.o .... ##.#####
oo ##### .... #.....# #w ##...#
....# ##....# #.###.##.# ....#
#..W@# #.(......###
#############....########........
...................oo.o...<......
#.#############.#######.##.....##
#.## #.##.##..## .## #..#
#.##.....## ..# ##.# #.########.
... ### ### ## #.#


You could see matthes123's ghost.

Vanquished Creatures
  Robin (D:2)
  2 adders
  An ooze (D:1)
  4 worms (D:2)
  3 dart slugs (D:1)
  A leopard gecko (D:3)
  2 giant cockroaches (D:3)
  14 goblins
  7 hobgoblins
  2 jackals (D:1)
  4 kobolds
  2 quokkas (D:2)
  4 bats
  5 frilled lizards
  3 rats (D:1)
55 creatures vanquished.

Notes
Turn   | Place    | Note
-------+----------+-------------------------------------------
     0 | D:1      | HyperWeapon the Demonspawn Wanderer began the quest for the Orb.
     0 | D:1      | HyperWeapon set off with: a +2 short sword, 2 potions of curing, a +0 robe, a ration
     0 | D:1      | Reached XP level 1. HP: 16/16 MP: 1/1
   118 | D:1      | Reached skill level 3 in Short Blades
   211 | D:1      | Gained mutation: You are partially covered in iridescent scales. (AC +2) [demonic ancestry]
   211 | D:1      | Reached XP level 2. HP: 21/22 MP: 1/3
   680 | D:1      | Reached skill level 1 in Spellcasting
   896 | D:1      | Reached XP level 3. HP: 27/27 MP: 4/4
  1141 | D:2      | Learned a level 1 spell: Beastly Appendage
  1545 | D:2      | Noticed Robin
  1588 | D:2      | Reached skill level 1 in Transmutations
  1597 | D:2      | Killed Robin
  1597 | D:2      | Gained mutation: When hurt, damage is shared between your health and your magic reserves. [demonic ancestry]
  1597 | D:2      | Reached XP level 4. HP: 21/33 MP: 6/6
  1636 | D:2      | Learned a level 2 spell: Sticks to Snakes
  2037 | D:3      | Noticed matthes123's ghost (amateur MfGl)
  2410 | D:3      | HP: 1/49 [matthes123's ghost (9)]
  2412 | D:3      | Slain by matthes123's ghost

Skill      XL: |  1  2  3  4 |
---------------+-------------+-----
Short Blades   | 3 |  3.9
Spellcasting   | 1 2 |  2.0
Transmutations | 1 |  1.5
Fighting       | |  2.0
Slings         | |  0.2
Dodging        | |  2.6
Stealth        | |  1.0
Shields        | |  1.0

Action                   |  1- 3 |  4- 6 || total
-------------------------+-------+-------++-------
Melee: Short sword       |   101 |    29 ||   130
       Kick              |     1 |       ||     1
 Fire: Hunting sling     |    47 |     6 ||    53
Throw: Stone             |     1 |       ||     1
 Cast: Beastly Appendage |     1 |     1 ||     2
 Abil: Evoke Berserk Rag |       |     1 ||     1
  Use: Potion            |     2 |       ||     2
       Scroll            |     1 |     1 ||     2
 Stab: Sleeping          |     1 |       ||     1
  Eat: Chunk             |     2 |     3 ||     5
Armor: Robe              |     1 |       ||     1
       Leather armour    |    31 |    10 ||    41
Dodge: Dodged            |    90 |    18 ||   108
